 Dungeon Crawl Stone Soup version 0.25-a0-294-gea9b1ad (webtiles) character file.

Game seed: 17955991151286233926, levelgen mode: deterministic

441 EonDragon20 the Changer (level 7, -5/48 HPs)
             Began as a Merfolk Transmuter on Dec 17, 2019.
             Slain by an ice beast (12 damage)
             ... on level 5 of the Dungeon.
             The game lasted 00:10:17 (4667 turns).

EonDragon20 the Changer (Merfolk Transmuter)        Turns: 4667, Time: 00:10:18

Health: -5/48      AC:  4    Str: 10    XL:     7   Next: 2%
Magic:  8/12       EV: 13    Int: 14    God:
Gold:   200        SH:  0    Dex: 15    Spells: 2/13 levels left

rFire    . . .     SeeInvis .     - Unarmed
rCold    . . .     Gourm    .   (shield currently unavailable)
rNeg     . . .     Faith    .   b - +1 robe
rPois    .         Spirit   .   (no helmet)
rElec    .         Reflect  .   j - +0 cloak
rCorr    .         Harm     .   (gloves currently unavailable)
MR       .....                  (no boots)
Stlth    +.........             (no amulet)
HPRegen  0.16/turn              (no ring)
MPRegen  0.13/turn              (no ring)

@: blade hands
A: change form in water, swift swim, stealthy swim
a: End Transformation


You were on level 5 of the Dungeon.
You were hungry.
You had blades for hands.
You visited 1 branch of the dungeon, and saw 5 of its levels.

You collected 200 gold pieces.

Inventory:

Missiles
 a - 52 arrows
Armour
 b - a +1 robe (worn)
 j - a +0 cloak (worn)
Jewellery
 c - an uncursed ring of protection from fire {unknown}
Wands
 h - a wand of flame (20)
Scrolls
 e - 2 scrolls of amnesia
 f - a scroll of enchant weapon
Potions
 g - a potion of heal wounds
 i - a potion of flight
 k - a potion of mutation
 m - a potion of ambrosia
 p - a potion of curing
Comestibles
 d - 6 rations


   Skills:
 - Level 1.1 Fighting
 - Level 2.6 Dodging
 + Level 5.0 Unarmed Combat
 + Level 3.6 Spellcasting
 * Level 7.1 Transmutations


You had 2 spell levels left.
You knew the following spells:

 Your Spells              Type           Power        Failure   Level  Hunger
a - Beastly Appendage     Tmut           ###...       16%         1    None
b - Sticks to Snakes      Tmut           ###.....     19%         2    ##.....
c - Spider Form           Tmut/Pois      ##........   54%         3    ###....
d - Blade Hands           Tmut           ###.......   73%         5    ######.

Your spell library contained the following spells:

 Spells                   Type           Power        Failure   Level  Hunger
 Ice Form                 Ice/Tmut       ##......     83%         4    ####...


Dungeon Overview and Level Annotations

Branches:
Dungeon (5/15)
 Temple: D:4-7

Altars:
Yredelemnul


Message History

The ice beast hits you but does no damage.
You hit the ice beast but do no damage. Your slash misses the ice beast.
The ice beast barely misses you.
You barely miss the ice beast. The ice beast misses you.
You hit the ice beast.
The ice beast is lightly wounded.
The ice beast barely misses you.
You slice the ice beast!!
The ice beast is severely wounded.
The ice beast hits you. The ice beast freezes you!
You barely miss the ice beast.
The ice beast is severely wounded.
The ice beast hits you. The ice beast freezes you!
* * * LOW HITPOINT WARNING * * *
You hit the ice beast but do no damage.
The ice beast is severely wounded.
The ice beast hits you.
* * * LOW HITPOINT WARNING * * *
The ice beast freezes you!
You die...

#.#<.)...#.#
#...รท....#.########
..
#######...........+...
...#..#.########...
###.#.##.##.........
#........##.........
.#####.#####......$..
#.....................
#######>...@Y.........
#.##............
#.##...#########
#.##...# #.##....#
#.##....# #. #....#
#....# #....#


You could see an ice beast.

Vanquished Creatures
  A gnoll shaman (D:4)
  A hound (D:4)
  An orc wizard (D:5)
  Crazy Yiuf (D:2)
  Jessica (D:2)
  An iguana (D:4)
  3 worker ants (D:4)
  5 gnolls
  6 adders
  An ooze (D:3)
  4 worms
  2 dart slugs
  3 leopard geckos
  4 orcs (D:4)
  3 ball pythons
  4 giant cockroaches
  5 goblins
  8 hobgoblins
  6 kobolds
  A quokka (D:2)
  13 bats
  5 frilled lizards
  8 rats
87 creatures vanquished.

Notes
Turn   | Place    | Note
-------+----------+-------------------------------------------
     0 | D:1      | EonDragon20 the Merfolk Transmuter began the quest for the
                  | Orb.
     0 | D:1      | Reached XP level 1. HP: 15/15 MP: 3/3
   204 | D:1      | Reached skill level 3 in Transmutations
   247 | D:1      | Reached XP level 2. HP: 15/21 MP: 1/5
   706 | D:1      | Reached XP level 3. HP: 9/26 MP: 4/6
   710 | D:1      | Learned a level 2 spell: Sticks to Snakes
   714 | D:1      | Learned a level 3 spell: Spider Form
  1087 | D:1      | Reached skill level 4 in Transmutations
  1462 | D:2      | Reached XP level 4. HP: 32/32 MP: 3/7
  1474 | D:2      | You fall into a shaft and drop 2 floors!
  2025 | D:2      | Reached skill level 5 in Transmutations
  2054 | D:2      | Noticed Jessica
  2063 | D:2      | Killed Jessica
  2063 | D:2      | Reached XP level 5. HP: 35/37 MP: 5/9
  2611 | D:2      | Found a runed translucent door.
  2612 | D:2      | Noticed Crazy Yiuf
  2747 | D:2      | Killed Crazy Yiuf
  3333 | D:3      | Found a basalt altar of Yredelemnul.
  3689 | D:4      | Reached skill level 6 in Transmutations
  3689 | D:4      | Reached XP level 6. HP: 38/43 MP: 5/10
  3707 | D:4      | Learned a level 5 spell: Blade Hands
  4269 | D:5      | Entered Level 5 of the Dungeon
  4468 | D:5      | Reached skill level 5 in Unarmed Combat
  4476 | D:5      | Reached skill level 7 in Transmutations
  4476 | D:5      | Reached XP level 7. HP: 26/48 MP: 10/12
  4667 | D:5      | Slain by an ice beast

Levels and vault maps discovered:
D:1:      minmay_arrival_widening_spiral_wide, layout_basic,
          minmay_split_cup_small
D:2:      layout_rooms, first_ration, uniq_jessica, uniq_crazy_yiuf_cottage
D:3:      layout_basic, yredelemnul_altar_generic
D:4:      layout_gridville, kennysheep_generic_room_14
D:5:      old_forge, layout_basic, nicolae_overflow_hidden_temple,
          minmay_chambers_of_fives, uniq_grinder, uniq_ijyb, uniq_menkaure

Skill      XL: |  1  2  3  4  5  6 |
---------------+-------------------+-----
Transmutations | 3 4 5 6 7 |  7.1
Unarmed Combat | 4 5 |  5.0
Spellcasting   | 3 |  3.6
Fighting       | |  1.1
Dodging        | |  2.6

Action                   |  1- 3 |  4- 6 |  7- 9 || total
-------------------------+-------+-------+-------++-------
Melee: Unarmed           |   134 |   158 |     7 ||   299
       Headbutt          |     9 |     1 |       ||    10
       Punch             |     1 |     1 |       ||     2
 Cast: Beastly Appendage |    10 |     2 |       ||    12
       Spider Form       |     5 |    20 |       ||    25
       Blade Hands       |       |       |     1 ||     1
  Use: Scroll            |     5 |     7 |       ||    12
       Potion            |     1 |       |       ||     1
 Stab: Sleeping          |     1 |     2 |       ||     3
  Eat: Chunk             |     1 |     7 |       ||     8
       Ration            |       |     2 |       ||     2
Armor: Robe              |    42 |    12 |     1 ||    55
       Skin              |     2 |     4 |       ||     6
Dodge: Dodged            |   151 |   131 |     3 ||   285

Table legend:
 A = Non-vault XP
 B = Vault XP
 C = Vault XP percentage of total XP
 D = Non-vault monster count
 E = Vault monster count
 F = Vault count percentage of total count
                 A         B        C        D         E       F
            +---------+---------+-------+---------+---------+-------
      Total |     546 |      85 |  13.5 |      81 |       6 |   6.9
            +---------+---------+-------+---------+---------+-------
        D:1 |      46 |       5 |   9.8 |      25 |       3 |  10.7
        D:2 |     100 |      77 |  43.5 |      29 |       2 |   6.5
        D:3 |      22 |       0 |   0.0 |       8 |       0 |   0.0
        D:4 |     294 |       3 |   1.0 |      15 |       1 |   6.2
        D:5 |      84 |       0 |   0.0 |       4 |       0 |   0.0
            +---------+---------+-------+---------+---------+-------
